 Dungeon Crawl Stone Soup version 0.17.1-2-g5865329 (webtiles) character file.

46 KINGKRU the Covered (level 3, 0/26 HPs)
             Began as a High Elf Fighter on Feb 16, 2016.
             Succumbed to a kobold's poison
             ... on level 2 of the Dungeon.
             The game lasted 00:06:22 (1040 turns).

KINGKRU the Covered (High Elf Fighter)              Turns: 1040, Time: 00:06:22

Health: 0/26       AC:  9    Str: 20    XL:     3   Next: 44%
Magic:  4/4        EV:  7    Int: 12    God:
Gold:   43         SH:  9    Dex: 15    Spells: 0 memorised, 2 levels left

rFire  + . .     SeeInvis .     a - +0 long sword
rCold  x . .     Clarity  .     b - +1 scale mail
rNeg   + . .     SustAt   .     c - +0 shield
rPois  .         Gourm    .     (no helmet)
rElec  .         Spirit   .     (no cloak)
rCorr  .         Warding  +     (no gloves)
rMut   .         Rnd*Tele +     (no boots)
MR     .....                    h - amulet of warding
Stlth  ..........               (no ring)
                                f - ring of fire

@: mighty, lethally poisoned (0 -> -3), not resistant to hostile enchantments,
extremely unstealthy
A: slimy green scales 1, blurry vision 1, teleportitis 1
a: no special abilities


You were on level 2 of the Dungeon.
You were not hungry.

You visited 1 branch of the dungeon, and saw 2 of its levels.

You collected 43 gold pieces.

Inventory:

Hand Weapons
 a - a +0 long sword (weapon)
Armour
 b - a +1 scale mail (worn)
 c - a +0 shield (worn)
Jewellery
 f - a ring of fire (left hand)
 h - an amulet of warding (around neck)
Scrolls
 j - a scroll of immolation {unknown}
Comestibles
 e - 2 bread rations
 l - 3 fruits
 m - a slice of pizza
 n - a meat ration


   Skills:
 + Level 3.2 Fighting
 + Level 2.9 Long Blades
 + Level 3.3 Armour
 + Level 0.7 Dodging
 + Level 0.2 Stealth
 + Level 2.9 Shields


You had 2 spell levels left.
You didn't know any spells.

Dungeon Overview and Level Annotations

Branches:
Dungeon (2/15)

Altars:


Innate Abilities, Weirdness & Mutations

You are partially covered in slimy green scales (AC +2).
Scrolls take you a little longer to read.
You are occasionally teleported next to monsters.


Message History

* * * LOW HITPOINT WARNING * * *
You feel sick.
Unknown command.
Unknown command.
You see here a giant newt corpse.
Read which item? (? for menu, Esc to quit)
You begin reading the scroll.
You continue reading the scroll.
* * * LOW HITPOINT WARNING * * *
You feel sick.
As you read the scroll labeled YGOSKA MEUP, it crumbles to dust.
It is a scroll of enchant armour.
Enchant which item? (? for menu, Esc to quit)
Your +0 scale mail glows green for a moment.
Read which item? (? for menu, Esc to quit)
You begin reading the scroll.
You continue reading the scroll.
As you read the scroll labeled VEWEEXA QENUQ, it crumbles to dust.
You feel forgetful for a moment.
It was a scroll of amnesia.
Read which item? (? for menu, Esc to quit)
You begin reading the scroll.
You continue reading the scroll.
You die...

.#.###.###...........>.
................####..#
.#####.#######..# #..#
## #.##... #..# #..#
#.##...##..# #..#
#..........# #..#
#..........# #..#
#.........#####..#
.......##.)@)....#
##.............#
###########.#.# #.#.#
..#.# ####.. ... ##.#


There were no monsters in sight!

Vanquished Creatures
  An adder (D:2)
  An ooze (D:1)
  4 bats
  3 giant cockroaches (D:1)
  2 goblins (D:1)
  4 hobgoblins
  4 jackals (D:1)
  A ball python (D:1)
  5 giant newts
  4 kobolds
  4 rats
33 creatures vanquished.

Notes
Turn   | Place    | Note
--------------------------------------------------------------
     0 | D:1      | KINGKRU the High Elf Fighter began the quest for the Orb.
     0 | D:1      | Reached XP level 1. HP: 16/16 MP: 2/2
   199 | D:1      | Reached XP level 2. HP: 21/21 MP: 3/3
   627 | D:1      | Reached XP level 3. HP: 22/26 MP: 4/4
  1033 | D:2      | Gained mutation: You are partially covered in slimy green scales (AC +2). [potion of mutation]
  1033 | D:2      | Gained mutation: You are occasionally teleported next to monsters. [potion of mutation]
  1033 | D:2      | Gained mutation: Scrolls take you a little longer to read. [potion of mutation]
  1036 | D:2      | HP: 1/26 [poisoned by a kobold]
  1040 | D:2      | Succumbed to a kobold's poison

Action                   || total
-------------------------++-------
Melee: Long sword        ||   149
  Use: Scroll            ||     2
       Potion            ||     2
  Eat: Royal jelly       ||     1
